 Dungeon Sprint DCSS version 0.22-a0-81-g7478db5 (webtiles) character file.

2359 Kidiri the Blocker (level 9, -7/63 HPs)
             Began as a Gargoyle Fighter on Jan 18, 2018.
             Was an Elder of Okawaru.
             Killed from afar by Ixyqoup the pandemonium lord (23 damage)
             ... with a bolt of cold
             ... in the Dungeon (Sprint V: "Ziggurat Sprint").
             The game lasted 00:04:08 (418 turns).

Kidiri the Blocker (Gargoyle Fighter)                Turns: 418, Time: 00:04:09

Health: -7/63      AC: 41    Str: 35    XL:     9   Next: 44%
Magic:  13/13      EV:  8    Int:  9    God:    Okawaru [****..]
Gold:   0          SH:  0    Dex:  9    Spells: 8/8 levels left

rFire    . . .     SeeInvis .   b - +6 shillelagh "Devastator" {shatter}
rCold    . . .     Gourm    .   H - +18 shield of the Gong {rElec rN+ MR+ EV-5}
rNeg     + + .     Faith    .   G - +15 Maxwell's patent armour {-Cast -Tele rElec MR+ rCorr}
rPois    ∞         Spirit   .   (no helmet)
rElec    +         Reflect  .   (no cloak)
rCorr    +         Harm     .   (no gloves)
MR       ++...     NoTele   +   a - +1 pair of boots {Stlth+} Stlth ..........NoCast +
                                (no amulet)
HPRegen  0.20/turn              A - +6 ring of strength
MPRegen  0.13/turn              B - +6 ring of strength

@: confused, heroism
A: negative energy resistance 1, electricity resistance, unbreathing,
petrification resistance, rot immunity, AC +6
a: Heroism, Renounce Religion


You were in the Dungeon.
You worshipped Okawaru.
Okawaru was greatly pleased with you.
You were not hungry.

You visited 1 branch

Inventory:

Hand Weapons
 b - the +6 shillelagh "Devastator" (weapon) {shatter}
   (You found it in the Dungeon)
 F - the +10 dark maul {crush}
   (You found it in the Dungeon)

   It inflicts extra damage upon your enemies.
Armour
 a - a +1 pair of boots of stealth (worn)
 G - the +15 Maxwell's patent armour (worn) {-Cast -Tele rElec MR+ rCorr}
   (You found it in the Dungeon)

   It insulates you from electricity.
   It affects your resistance to hostile enchantments.
   It prevents spellcasting.
   It prevents most forms of teleportation.
   It protects you from acid and corrosion.
 H - the +18 shield of the Gong (worn) {rElec rN+ MR+ EV-5}
   (You found it in the Dungeon)

   It affects your evasion (-5).
   It insulates you from electricity.
   It protects you from negative energy.
   It affects your resistance to hostile enchantments.
Jewellery
 A - a +6 ring of strength (left hand)
 B - a +6 ring of strength (right hand)
Wands
 C - a wand of disintegration (7)
 D - a wand of iceblast (7)
 E - a wand of acid (6)
Scrolls
 k - 4 scrolls of blinking
 o - a scroll of brand weapon
 q - 4 scrolls of amnesia
 r - 7 scrolls of fog
 s - a scroll of holy word
 t - 5 scrolls of identify
 u - 5 scrolls of remove curse
 v - 2 scrolls of fear
Potions
 d - 6 potions of might
 e - 10 potions of curing
 g - 13 potions of heal wounds
 h - 6 potions of haste
 i - 7 potions of magic
 j - 3 potions of berserk rage
 l - 2 potions of brilliance
 m - 2 potions of invisibility
 n - 4 potions of resistance
 p - 5 potions of agility
Comestibles
 c - 17 chunks of flesh
 f - 7 rations


   Skills:
 * Level 10.7(15.7) Fighting
 * Level 9.6(14.6) Maces & Flails
 * Level 10.7(15.7) Armour
 + Level 5.4(10.4) Dodging
 * Level 10.7(15.7) Shields
 - Level 4.8 Invocations
 + Level 5.5 Evocations


You had 8 spell levels left.
You didn't know any spells.

Dungeon Overview and Level Annotations

Branches:
Dungeon (1/1)

Altars:
Ashenzari
Cheibriados
Dithmenos
Elyvilon
Fedhas
Gozag
Hepliaklqana
Kikubaaqudgha
Makhleb
Nemelex Xobeh
Okawaru
Qazlal
Ru
Sif Muna
Trog
Uskayaw
Vehumet
Wu Jian
Xom
Yredelemnul
Zin
The Shining One
Beogh
Jiyva
Lugonu

Annotations:
D 1 transporter


Innate Abilities, Weirdness & Mutations

You are resistant to torment.
Your stone body is resilient. (AC +6)
You are immune to poison.
You resist negative energy. (rN+)
You are resistant to electric shocks. (rElec)
You can survive without breathing.
You are immune to petrification.
You are immune to rotting.


Message History

Unknown command.
You feel much better.
The golden eye turns its gaze towards you.
Something hits you but does no damage.
You closely miss the golden eye. Something hits you but does no damage.
You miss the golden eye. Something hits you!
* * * LOW HITPOINT WARNING * * *
Something burns you.
* * * LOW HITPOINT WARNING * * *
Unknown command.
You completely miss the golden eye. Something completely misses you.
You closely miss the golden eye.
Unknown command.
You hit the golden eye.
The golden eye shudders.
The golden eye is moderately wounded. x2
The golden eye blinks at you.
You are confused.
A bolt of cold appears from out of thin air!
The bolt of cold hits you!
You die...

▓...©....▓...©....▓
▓▓▓▓▓▓▓▓▓▓▓▓▓▓▓▓▓▓▓
▓..8©8..▓ ▓..=[[..▓
▓..}[=..▓ ▓.......▓
▓.......▓ ▓.G{....▓
▓..@....▓ ▓.▓...▓.▓
▓...©...▓ ▓▓▓▓▓▓▓▓▓


You could see a golden eye.

Vanquished Creatures
  A two-headed ogre (shapeshifter) (D)
  An ice devil (D)
  3 merfolk (D)
  A chaos spawn (D)
  2 insubstantial wisps (D)
  2 phantoms (D)
  A necrophage (D)
  A crimson imp (D)
  An orc priest (D)
  An iron imp (D)
  3 orc wizards (D)
  2 shadow imps (D)
  2 white imps (D)
  An adder zombie (D)
  An orc (D)
23 creatures vanquished.

Notes
Turn   | Place    | Note
-------+----------+-------------------------------------------
     0 | D        | Found the +6 Majin-Bo {vamp, Archmagi MP+6 Int+6}
     0 | D        | Found the +7 great mace "Firestarter" {inner flame, rF++}
     0 | D        | Kidiri the Gargoyle Fighter began the quest for the Orb.
     0 | D        | Reached XP level 1. HP: 14/14 MP: 1/1
     0 | D        | Found a deep blue altar of Sif Muna.
     0 | D        | Found a sacrificial altar of Ru.
     0 | D        | Found a bloodstained altar of Trog.
     0 | D        | Found a stormy altar of Qazlal.
     0 | D        | Found an iron altar of Okawaru.
     0 | D        | Found a sparkling altar of Nemelex Xobeh.
     0 | D        | Found a blossoming altar of Fedhas.
     2 | D        | Found a transporter.
     2 | D        | Found an ancient bone altar of Kikubaaqudgha.
     2 | D        | Found a viscous altar of Jiyva.
     2 | D        | Found a corrupted altar of Lugonu.
     2 | D        | Found a hazy altar of Hepliaklqana.
     2 | D        | Found a burning altar of Makhleb.
     2 | D        | Found an opulent altar of Gozag.
    19 | D        | Found the +9 heavy crossbow "Sniper" {velocity, Acc+∞ SInv}
    19 | D        | Found the +10 dark maul {crush}
    19 | D        | Found the +15 Maxwell's patent armour {-Cast -Tele rElec MR+ rCorr}
    19 | D        | Found the +18 shield of the Gong {rElec rN+ MR+ EV-5}
    19 | D        | Found the cursed +14 obsidian axe {chop, +Fly SInv *Curse}
    20 | D        | Found the +6 shillelagh "Devastator" {shatter}
    20 | D        | Found the +11 plutonium sword {*Contam Stlth-}
    20 | D        | Found the +8 lance "Wyrmbane" {slay drac, rPois rF+ rC+ AC+3}
    20 | D        | Found the +9 sword of Zonguldrok {reap}
    20 | D        | Found the cursed +13 scythe of Curses {drain, *Curse}
    20 | D        | Found the +0 sword of Power
    20 | D        | Found the +12 mace of Variability {chaos}
    20 | D        | Found the +7 Singing Sword
    20 | D        | Found the +7 longbow "Piercer" {penet, EV-2}
   104 | D        | Became a worshipper of Warmaster Okawaru
   116 | D        | Reached skill level 5 in Fighting
   116 | D        | Reached skill level 5 in Armour
   116 | D        | Reached skill level 1 in Dodging
   116 | D        | Reached skill level 5 in Shields
   116 | D        | Reached XP level 2. HP: 21/21 MP: 2/2
   123 | D        | Entered arena 2.
   123 | D        | Noticed an insubstantial wisp
   123 | D        | Noticed an insubstantial wisp
   123 | D        | Found a transporter.
   144 | D        | Killed an insubstantial wisp
   144 | D        | Reached * piety under Okawaru
   144 | D        | Reached skill level 5 in Maces & Flails
   144 | D        | Reached skill level 1 in Evocations
   144 | D        | Reached XP level 3. HP: 18/27 MP: 2/4
   144 | D        | Reached XP level 4. HP: 21/32 MP: 2/5
   144 | D        | Reached XP level 5. HP: 24/36 MP: 2/6
   147 | D        | Killed an insubstantial wisp
   147 | D        | Reached ** piety under Okawaru
   147 | D        | Reached XP level 6. HP: 28/44 MP: 2/8
   263 | D        | Entered arena 3.
   263 | D        | Noticed a merfolk
   263 | D        | Noticed a merfolk
   263 | D        | Noticed a merfolk
   263 | D        | Found a transporter.
   269 | D        | Killed a merfolk
   269 | D        | Reached XP level 7. HP: 44/48 MP: 6/9
   272 | D        | Killed a merfolk
   275 | D        | Killed a merfolk
   275 | D        | Reached *** piety under Okawaru
   275 | D        | Reached XP level 8. HP: 52/56 MP: 7/11
   308 | D        | Entered arena 4.
   308 | D        | Found a transporter.
   345 | D        | Entered arena 5.
   345 | D        | Noticed an ice devil
   345 | D        | Noticed a two-headed ogre
   345 | D        | Found a transporter.
   351 | D        | Killed a two-headed ogre
   351 | D        | Reached **** piety under Okawaru
   351 | D        | Reached skill level 10 in Fighting
   351 | D        | Reached skill level 10 in Armour
   351 | D        | Reached skill level 5 in Dodging
   351 | D        | Reached skill level 10 in Shields
   351 | D        | Reached skill level 5 in Evocations
   351 | D        | Reached XP level 9. HP: 62/62 MP: 9/12
   354 | D        | Killed an ice devil
   370 | D        | Entered arena 6.
   370 | D        | Found a transporter.
   396 | D        | Entered arena 7.
   396 | D        | Noticed Ixyqoup the pandemonium lord
   397 | D        | Found a transporter.
   418 | D        | Killed from afar by Ixyqoup the pandemonium lord

Vault maps used:
D:        sprint_v

Skill      XL: |  1  2  3  4  5  6  7  8 |
---------------+-------------------------+-----
Fighting       | 5 6 7 8 10 | 10.7
Maces & Flails | 3 5 6 7 9 |  9.6
Armour         | 5 6 7 8 10 | 10.7
Dodging        | 1 2 3 4 5 |  5.4
Shields        | 5 6 7 8 10 | 10.7
Invocations    | 2 3 4 |  4.8
Evocations     | 1 2 3 4 5 |  5.5

Action                   |  1- 3 |  4- 6 |  7- 9 || total
-------------------------+-------+-------+-------++-------
Melee: Shillelagh        |    17 |     7 |    53 ||    77
Invok: Heroism           |       |     1 |     4 ||     5
Evoke: Wand              |     1 |       |       ||     1
  Use: Potion            |     1 |       |     1 ||     2
Armor: Plate armour      |     4 |     2 |    10 ||    16
Dodge: Dodged            |       |       |     4 ||     4
Block: Shield            |    18 |     9 |    44 ||    71

Table legend:
 A = Spawn XP
 B = Non-spawn XP
 C = Spawn XP percentage of total XP
 D = Spawn monster count
 E = Non-spawn monster count
 F = Spawn count percentage of total count
 G = Total turns spent on level
                    A         B        C        D         E        F      G
               +---------+---------+-------+---------+---------+-------+---------
         Total |       0 |    3360 |   0.0 |       0 |      23 |   0.0 |   418
               +---------+---------+-------+---------+---------+-------+---------
             D |       0 |    3360 |   0.0 |       0 |      23 |   0.0 |   418
               +---------+---------+-------+---------+---------+-------+---------
